Map: [ESL] Hecate

Players

Coffeeame (Coffee)

  • Race: Terran Terran
  • League: Grandmaster
  • Spawn Location: 1:00

DKZherO (herO) - Winner!

  • Race: Protoss Protoss
  • League: Master
  • Spawn Location: 7:00

Event: IEM Katowice 2024

VOD

Have the link to the VOD?

Description

Time

  • Played on: Dec. 6, 2023, 4:17 a.m.
  • Length: 10:38

All games in this series

Show
View Real Time Build Order
Export as new Build Order

Coffeeame Terran 

Build Orders:  

Get SALT Encoding   

  12  0:00  SCV  
  13  0:12  SCV  
  14  0:17  Supply Depot  
  14  0:24  SCV  
  15  0:38  SCV  
  15  0:39  Barracks  
  16  0:42  Refinery  
  16  0:50  SCV  
  17  1:02  SCV  
  18  1:14  SCV  
  19  1:26  Marine  
  19  1:27  Orbital Command  
  20  1:44  Command Center  
  20  1:54  SCV  
  21  1:59  Factory  
  21  2:03  Barracks Reactor  
  21  2:06  SCV  
  22  2:12  Supply Depot  
  22  2:18  SCV  
  23  2:25  Refinery  
  23  2:34  SCV  
  24  2:39  Marine x2  
  24  2:43  Hellion  
  28  2:44  Starport  
  28  2:46  SCV  
  29  2:57  Marine x2  
  30  3:05  Orbital Command, Hellion  
  31  3:16  Marine x2  
  31  3:17  Orbital Command  
  31  3:19  SCV  
  31  3:25  Medivac  
  33  3:31  SCV  
  33  3:33  Cyclone  
  36  3:38  Marine x2  
  38  3:43  SCV x2  
  40  3:48  Supply Depot  
  40  4:00  SCV, Marine x2  
  40  4:01  SCV  
  44  4:08  Factory Tech Lab  
  42  4:15  Barracks  
  41  4:18  SCV x2  
  41  4:21  Marine x2  
  45  4:30  SCV x2  
  47  4:32  Bunker  
  44  4:43  SCV  
  45  4:48  Siege Tank, Marine  
  45  4:49  Liberator, Marine  
  45  4:52  SCV  
  54  4:57  Supply Depot  
  54  5:03  Barracks Tech Lab  
  54  5:05  Barracks  
  54  5:13  Supply Depot  
  54  5:18  SCV x2, Marine x2  
  58  5:22  Siege Tank  
  59  5:30  SCV  
  59  5:35  Marine  
  62  5:36  Stimpack, Marine  
  62  5:37  Starport Tech Lab  
  62  5:39  SCV  
  62  5:42  SCV  
  62  5:47  Engineering Bay  
  62  5:48  Refinery  
  62  5:52  Supply Depot  
  62  5:53  SCV  
  62  5:54  SCV  
  62  5:56  Supply Depot  
  64  6:01  Marine x2  
  64  6:02  Starport Reactor  
  66  6:09  Combat Shield  
  66  6:10  Siege Tank  
  69  6:12  SCV  
  69  6:13  SCV  
  69  6:16  Marine x2  
  72  6:19  Marine  
  72  6:24  Terran Infantry Weapons Level 1, SCV  
  71  6:28  SCV  
  71  6:30  Missile Turret  
  72  6:36  SCV  
  72  6:39  Supply Depot, Marine x2  
  77  6:40  SCV, Marauder  
  77  6:41  Marauder  
  80  6:48  SCV  
  80  6:51  Factory Reactor, Supply Depot  
  80  6:52  SCV, Refinery  
  82  7:00  Marine x2  
  82  7:01  SCV  
  85  7:05  Medivac x2, SCV  
  87  7:13  Marauder x2  
  91  7:20  Marine x2  
  95  7:29  Widow Mine x2, Concussive Shells  
  97  7:33  Command Center  
  97  7:35  Marauder, Supply Depot  
  97  7:36  Supply Depot, Marauder  
  101  7:40  Marine  
  102  7:52  Barracks  
  102  7:54  Barracks  
  102  7:55  Marine  
  102  7:56  Medivac x2  
  89  8:15  Marine  
  89  8:16  Widow Mine x2, Marine, Marauder x2  
  95  8:20  SCV x2  
  96  8:30  Viking x2  
  96  8:32  SCV x2  
  96  8:34  Terran Infantry Armor Level 1  
  102  8:36  Marine  
  102  8:37  Marine  
  104  8:44  Barracks Reactor, Barracks Tech Lab  
  104  8:46  Widow Mine x2  
  104  8:47  Orbital Command  
  104  8:48  Marauder x2  
  112  8:49  SCV  
  112  8:56  Armory  
  112  9:06  Marauder  
  112  9:09  Marine x2, Marauder  
  117  9:15  Medivac  
  117  9:16  Medivac  
  121  9:17  Marauder  
  123  9:27  Marauder  
  123  9:31  Marauder  
  127  9:32  Marine x4  
  127  9:37  Supply Depot x2  
  131  9:39  Marauder  
  131  9:44  SCV  
  128  9:45  Orbital Command  
  128  9:51  SCV  
  128  9:52  Marine x2  
  130  9:56  SCV  
  130  9:59  Marauder  
  134  10:11  SCV x2  
  134  10:14  SCV  
  137  10:15  Marauder x2  
  137  10:18  Marine x2  
Show
View Real Time Build Order
Export as new Build Order

DKZherO Protoss - Winner!

Build Orders: 1 Gate Expand, Blink Stalkers, Colossus Rush 

Get SALT Encoding   

  12  0:00  Probe  
  13  0:12  Probe  
  14  0:18  Pylon  
  14  0:24  Probe (Chrono Boost)  
  15  0:38  Probe (Chrono Boost)  
  15  0:39  Gateway  
  16  0:44  Probe (Chrono Boost)  
  16  0:49  Assimilator  
  17  0:52  Probe  
  18  1:04  Probe  
  19  1:16  Probe  
  20  1:26  Cybernetics Core  
  20  1:35  Nexus  
  20  1:42  Pylon  
  20  1:45  Probe  
  21  1:51  Assimilator  
  20  1:57  Probe  
  20  1:59  Adept (Chrono Boost)  
  21  2:03  Warp Gate  
  23  2:09  Probe  
  24  2:19  Adept (Chrono Boost)  
  24  2:21  Probe  
  27  2:28  Twilight Council  
  27  2:34  Probe  
  28  2:41  Adept  
  30  2:46  Probe x2  
  32  2:58  Probe x2  
  33  3:05  Blink (Chrono Boost)  
  34  3:10  Probe  
  35  3:17  Stalker  
  35  3:18  Probe  
  36  3:22  Probe  
  36  3:23  Gateway  
  36  3:27  Robotics Facility  
  37  3:32  Probe  
  38  3:34  Probe  
  38  3:41  Gateway  
  39  3:47  Pylon  
  39  3:48  Probe x2  
  41  3:56  Stalker  
  41  4:00  Probe x2  
  45  4:08  Shield Battery  
  45  4:12  Probe x2  
  45  4:14  Observer  
  48  4:18  Stalker  
  48  4:19  Stalker  
  52  4:27  Probe x2  
  52  4:28  Assimilator  
  54  4:34  Assimilator  
  52  4:38  Pylon  
  52  4:41  Probe  
  52  4:42  Probe  
  52  4:45  Pylon  
  54  4:46  Pylon  
  53  4:56  Warp Prism, Stalker  
  53  4:57  Stalker x2  
  53  4:58  Probe  
  62  5:03  Probe  
  63  5:08  Robotics Bay  
  63  5:20  Pylon  
  63  5:24  Stalker x3  
  69  5:32  Observer (Chrono Boost)  
  68  5:36  Nexus  
  68  5:47  Probe x2  
  68  5:53  Colossus (Chrono Boost)  
  68  5:55  Extended Thermal Lance  
  74  5:58  Shield Battery  
  74  6:01  Probe  
  75  6:04  Pylon  
  75  6:08  Probe  
  76  6:13  Probe  
  75  6:18  Stalker x3  
  75  6:23  Probe  
  78  6:25  Probe  
  79  6:35  Colossus (Chrono Boost)  
  79  6:38  Observer, Probe x2  
  87  6:46  Gateway x2  
  87  6:47  Charge  
  87  6:52  Probe x2  
  89  6:57  Sentry x2, Zealot  
  96  7:01  Probe  
  90  7:09  Probe x2  
  90  7:11  Observer  
  90  7:13  Probe  
  93  7:18  Forge  
  93  7:19  Gateway  
  93  7:21  Probe x2  
  95  7:23  Pylon  
  95  7:25  Probe  
  96  7:31  Sentry x2, Gateway x2, Zealot  
  96  7:36  Colossus (Chrono Boost)  
  102  7:40  Pylon  
  102  7:43  Shield Battery  
  108  7:44  Probe  
  108  7:46  Pylon  
  109  8:04  Stalker x5  
  117  8:07  Probe x2  
  115  8:15  Pylon x2  
  115  8:16  Protoss Ground Weapons Level 1 (Chrono Boost)  
  115  8:19  Warp Prism (Chrono Boost)  
  111  8:24  Shield Battery  
  111  8:26  Zealot  
  113  8:27  Zealot x4  
  113  8:30  Probe  
  113  8:31  Probe  
  123  8:35  Stalker x2  
  127  8:43  Pylon x2  
  127  8:48  Nexus  
  127  8:51  Pylon  
  127  8:55  Observer  
  127  9:02  Pylon  
  127  9:04  Stalker x2  
  131  9:18  Pylon  
  131  9:19  Probe x3  
  131  9:20  Shield Battery  
  131  9:24  Stalker x5  
  136  9:25  Observer  
  136  9:31  Probe x3  
  148  9:33  Pylon  
  148  9:37  Stalker x2  
  152  9:47  Colossus (Chrono Boost)  
  152  9:50  Photon Cannon  
  152  9:52  Forge  
  158  9:55  Stalker x2  
  162  10:08  Zealot x4  
  162  10:12  Zealot  
  165  10:24  Zealot x4  

Tags
 
Add a new tag
Caveats
  • Supply blocks, unpowered buildings, or Contaminate may cause inaccurate times.
  • Supply counts are checked every 10 seconds.